 Dungeon Crawl Stone Soup version 0.27-a0-277-g024f7ef292 (webtiles) character file.

Game seed: 3400943471046238081

82742 gimp the Brawler (level 15, -4/127 HPs)
             Began as a Troll Earth Elementalist on Feb 7, 2021.
             Was an Initiate of Gozag.
             Slain by a two-headed ogre
             ... wielding a +0 giant club
              (19 damage)
             ... on level 13 of the Dungeon.
             The game lasted 01:10:42 (29892 turns).

gimp the Brawler (Troll Earth Elementalist)        Turns: 29892, Time: 01:10:43

Health: -4/127     AC: 10    Str: 27    XL:     15   Next: 30%
Magic:  15/15      EV: 14    Int: 18    God:    Gozag
Gold:   7021       SH: 19    Dex: 10    Spells: 8/16 levels left

rFire    + + .     SeeInvis .     - Unarmed
rCold    + . .     Faith    .   Z - -1 tower shield (curse)
rNeg     . . .     Spirit   .   F - +2 robe {rF+}
rPois    +         Reflect  +   W - +1 hat of Ulat {rF+ rCorr}
rElec    .         Harm     .   H - +0 cloak {rPois}
rCorr    +         Rampage  .   (gloves unavailable)
Will     ++...                  (boots unavailable)
Stlth    +.........             C - amulet of reflection
HPRegen  0.71/turn              g - ring of Pelur Hocu {Will+ EV+4}
MPRegen  0.14/turn              V - ring "Rivaw" {rC+ Str+6 Int+3 Slay+3}

@: no status effects
A: large, unfitting armour, claws 3, regeneration 1, shaggy fur 1, tough skin 3
a: Renounce Religion, Potion Petition, Call Merchant, Bribe Branch


You were on level 13 of the Dungeon.
You worshipped Gozag.
Gozag was greatly pleased with you.
You visited 3 branches of the dungeon, and saw 22 of its levels.
You also visited: Bailey.

You collected 9060 gold pieces.
You spent 1349 gold pieces at shops.
You paid 690 gold pieces to Gozag.

Inventory:

Hand Weapons
 b - a +2 scimitar of flaming
Missiles
 k - 553 stones
 l - 5 throwing nets
 r - 92 poisoned darts (quivered)
 w - 18 curare-tipped darts
Armour
 c - a +0 cloak of willpower
 F - a +2 robe of fire resistance (worn)
 G - a +2 robe of cold resistance
 H - a +0 cloak of poison resistance (worn)
 W - the +1 hat of Ulat (worn) {rF+ rCorr}
   (You acquired it on level 6 of the Lair of Beasts)

   It protects you from fire.
   It provides partial protection from all sources of acid and corrosion.
 Z - a cursed -1 tower shield (worn)
Jewellery
 a - an uncursed ring of poison resistance
 e - an uncursed ring of flight
 g - the ring of Pelur Hocu (left claw) {Will+ EV+4}
   (You found it on level 6 of the Dungeon)

   [ring of evasion]

   It affects your evasion (+4).
   It affects your willpower, your defense against some magical effects.
 C - an amulet of reflection (around neck)
 T - an uncursed ring of willpower
 U - an uncursed ring of positive energy
 V - the ring "Rivaw" (right claw) {rC+ Str+6 Int+3 Slay+3}
   (You found it on level 6 of the Lair of Beasts)

   [ring of strength]

   It affects your strength (+6).
   It affects your intelligence (+3).
   It affects your accuracy and damage with ranged weapons and melee attacks
   (+3).
   It protects you from cold.
 X - the ring "Edwih" {Ice Dex+6 SInv}
   (You acquired it on level 6 of the Lair of Beasts)

   [ring of ice]

   It enhances your ice magic.
   It affects your dexterity (+6).
   It makes you vulnerable to fire.
   It protects you from cold.
   It lets you see invisible.
Wands
 x - a wand of flame (6)
 z - a wand of iceblast (10)
 O - a wand of acid (9)
 P - a wand of paralysis (11)
 Q - a wand of charming (4)
Scrolls
 f - 4 scrolls of enchant armour
 m - 13 scrolls of teleportation
 q - 2 scrolls of identify
 t - 3 scrolls of fear
 u - a scroll of enchant weapon
 v - 5 scrolls of magic mapping
 y - 6 scrolls of remove curse
 A - 2 scrolls of torment
 J - a scroll of silence
 K - a scroll of amnesia
 M - a scroll of blinking
 Y - a scroll of fog
Potions
 d - 4 potions of attraction
 h - 7 potions of curing
 i - 3 potions of invisibility
 j - 2 potions of flight
 n - 3 potions of haste
 o - 5 potions of might
 p - 3 potions of heal wounds
 s - a potion of mutation
 B - 2 potions of brilliance
 D - 2 potions of magic
 I - a potion of lignification
 N - a potion of ambrosia
 S - a potion of berserk rage
Miscellaneous
 R - a condenser vane (inert)


   Skills:
 - Level 3.0 Fighting
 + Level 10.6 Dodging
 - Level 1.0 Stealth
 * Level 4.0 Shields
 - Level 16.0 Unarmed Combat
 - Level 1.2 Spellcasting
 - Level 6.0 Conjurations
 - Level 9.0 Transmutations
 - Level 10.0 Earth Magic
 + Level 1.6 Evocations


You had 8 spell levels left.
You knew the following spells:

 Your Spells              Type           Power        Failure   Level
a - Stone Arrow           Conj/Erth      58%          24%         3
b - Sandblast             Erth           74%          3%          1
c - Petrify               Tmut/Erth      35%          38%         4

Your spell library contained the following spells:

 Spells                   Type           Power        Failure   Level
 Beastly Appendage        Tmut           66%          5%          1
 Passwall                 Tmut/Erth      29%          6%          2
 Magic Dart               Conj           88%          19%         1
 Lee's Rapid Deconstruct  Erth           18%          67%         5
 Conjure Flame            Conj/Fire      11%          88%         3
 Dazzling Flash           Conj/Hex       22%          88%         3
 Corona                   Hex            1%           91%         1
 Pain                     Necr           4%           91%         1
 Mephitic Cloud           Conj/Pois/Air  8%           95%         3
 Blink                    Tloc           N/A          97%         2
 Call Imp                 Summ           1%           97%         2
 Ensorcelled Hibernation  Hex/Ice        2%           97%         2
 Slow                     Hex            1%           97%         2
 Confusing Touch          Hex            1%           99%         3
 Gell's Gravitas          Tloc           0%           99%         3
 Lesser Beckoning         Tloc           0%           99%         3
 Teleport Other           Tloc           1%           99%         3
 Tukima's Dance           Hex            1%           99%         3
 Passage of Golubria      Tloc           N/A          100%        4
 Metabolic Englaciation   Hex/Ice        0%           100%        5
 Yara's Violent Unravell  Hex/Tmut       8%           100%        5


Dungeon Overview and Level Annotations

Branches:
Dungeon (14/15) Temple (0/1) D:5 Lair (6/6) D:8 Swamp (0/4) Lair:4 Snake (0/4) Lair:3 Slime (0/5) Lair:5 Orc (2/2) D:9 Elf (0/3) Orc:2 Vaults (0/5) D:13 D:14 Bailey (visited)

Altars:
Ashenzari
Dithmenos
Elyvilon
Gozag
Hepliaklqana
Nemelex Xobeh
Okawaru
Qazlal
Sif Muna
Uskayaw
Vehumet
Wu Jian
Yredelemnul
Zin
The Shining One
Beogh
Jiyva

Shops:
D:4 ?   D:13 [   Orc:1 [   Orc:2 *[=(=

Portals:
Abyss: Lair:1

Annotations:
D:12 3 runed translucent doors, Owiud's ghost, journeyman HuFi
Lair:1 2 transporters
Lair:2 exclusion: 3 oklob plants


Innate Abilities, Weirdness & Mutations

You are too large for most types of armour.
You have claws for hands.
Your natural rate of healing is unusually fast.
You are covered in fur. (AC +1)
You have extremely tough skin. (AC +3)


Message History

The human hits you.
* * * LOW HITPOINT WARNING * * *
The human shouts!
You take 15 damage, and have 17/127 hp. [a] - 280 gold - haste and brilliance [b] - 352 gold - heal wounds, curing and magic [c] - 176 gold - might and brilliance Purchase which effect?
You feel much better.
You feel better. Magic courses through your body.
The human is no longer distracted by gold.
The human hits you but does no damage. You block the human's attack.
You regained 23 hp, and now have 40/127 hp.
You completely miss the human.
The human is heavily wounded.
The human is no longer distracted by gold.
The two-headed ogre hits you with a +0 giant club!!
* * * LOW HITPOINT WARNING * * *
The two-headed ogre hits you with a +0 giant club!!
You die...
Your body crumbles into a pile of gold.

.#.##..# ##.....#
#####.## #####.#
......# #######
############# #####
#$p........)# #
####...####@#.#.#####.#
# #...###..ppO#...#
##[# # #..##
##.p#####.# #..# # #.##
##...#...# #.## # #.#
#.#.#...# #.# # #.##
##.#...### #.# # #..##
##..####### #.#
######...###.........#
#.#
.....>.#>...##.#.....#
#.#


You could see a two-headed ogre and 4 humans.

Vanquished Creatures
  Frances (D:13)
  Kirke (D:13)
  4 boulder beetles
  Erolcha (D:10)
  Harold (D:7)
  A catoblepas (Lair:6)
  6 hydras
  Erica (Lair:2)
  5 two-headed ogres
  A deep troll earth mage (D:13)
  3 death yaks
  4 orc high priests
  Sonja (Lair:6)
  2 unseen horrors (D:10)
  6 orc knights
  A necromancer (Lair:3)
  A deep elf pyromancer (D:12)
  A wolf spider (Lair:6)
  5 orc sorcerers (Orc:2)
  2 ugly things
  11 elephants
  3 oklob plants (D:13)
  5 black mambas
  A centaur zombie (D:13)
  A gargoyle (D:13)
  A torpor snail (Lair:4)
  3 rime drakes
  8 cane toads
  11 komodo dragons
  10 polar bears
  5 trolls
  6 slime creatures (D:12)
  20 dream sheep
  2 hornets
  23 blink frogs
  5 raiju (Lair:6)
  Sigmund (D:5)
  A shadow (D:12)
  3 wyverns
  32 yaks
  3 basilisks
  2 hogs (D:13)
  Eustachio (D:5)
  A golden eye (shapeshifter) (D:13)
  9 humans (D:13)
  Edmund (D:6)
  2 vampire mosquitoes (D:12)
  6 wargs
  Menkaure (D:5)
  A soldier ant (D:13)
  11 water moccasins
  4 nagas (Lair:3)
  3 swamp worms (Lair:4)
  12 hell hounds (Lair:6)
  Duvessa (D:5)
  A floating eye (D:13)
  27 orc warriors
  5 ice beasts
  3 eyes of draining
  4 sky beasts
  13 black bears
  10 ogres
  An elephant zombie (Lair:3)
  7 phantoms
  21 wolves
  12 centaurs
  5 big kobolds
  18 bullfrogs
  2 komodo dragon zombies (Lair:3)
  Dowan (D:5)
  A wyvern skeleton (D:12)
  4 scorpions
  16 killer bees
  17 wights
  2 electric eels
  2 howler monkeys
  3 bullfrog zombies
  6 hounds
  2 quasits
  3 jellies
  6 bullfrog skeletons
  3 centaur skeletons
  16 orc priests
  21 orc wizards
  2 iguanas (D:7)
  4 hell rats (Lair:6)
  6 worker ants
  A hound zombie (D:5)
  2 hound skeletons (D:11)
  A worker ant zombie (D:9)
  11 gnolls
  2 howler monkey skeletons
  15 adders
  A shadow imp (D:8)
  4 white imps
  4 ufetubi
  An adder zombie (D:6)
  2 adder skeletons
  5 worms
  A dart slug (D:2)
  7 leopard geckos
  78 orcs
  3 ball pythons (D:2)
  5 giant cockroaches
  15 goblins
  7 hobgoblins
  5 jackals
  7 quokkas
  6 bats
  4 frilled lizards
  A jackal skeleton (D:5)
  29 kobolds
  9 rats
  2 butterflies (D:5)
730 creatures vanquished.

Vanquished Creatures (others)
  A manticore (D:12)
  3 humans (D:13)
  An orc (D:13)
  A bush (Lair:5)
  38 fungi
  65 plants
109 creatures vanquished.

Grand Total: 839 creatures vanquished

Notes
Turn   | Place    | Note
-------+----------+-------------------------------------------
     0 | D:1      | gimp the Troll Earth Elementalist began the quest for the
                  | Orb.
     0 | D:1      | Reached XP level 1. HP: 16/16 MP: 1/1
   205 | D:1      | Reached skill level 1 in Unarmed Combat
   262 | D:1      | Reached XP level 2. HP: 24/24 MP: 0/2
  1001 | D:2      | Found an iron altar of Okawaru.
  1060 | D:2      | Reached skill level 2 in Unarmed Combat
  1064 | D:2      | Reached XP level 3. HP: 30/31 MP: 0/3
  1305 | D:2      | Found a shadowy altar of Dithmenos.
  1621 | D:2      | Found a sparkling altar of Nemelex Xobeh.
  1952 | D:2      | Reached XP level 4. HP: 38/39 MP: 4/4
  2030 | D:3      | Reached skill level 3 in Unarmed Combat
  2267 | D:3      | Found an opulent altar of Gozag.
  2286 | D:3      | Found a faded altar of an unknown god.
  2296 | D:3      | Became a worshipper of Gozag Ym Sagoz the Greedy
  2882 | D:3      | Reached XP level 5. HP: 32/45 MP: 5/5
  2892 | D:3      | Reached skill level 4 in Unarmed Combat
  3188 | D:3      | Found a shimmering blue altar of Sif Muna.
  3267 | D:3      | Learned a level 3 spell: Stone Arrow
  3324 | D:4      | Noticed a phantom
  3332 | D:4      | Killed a phantom
  3333 | D:4      | Reached XP level 6. HP: 52/53 MP: 0/6
  3417 | D:4      | Found Huqufipifu's Magic Scroll Shop.
  3452 | D:4      | Bought a scroll of fear for 45 gold pieces
  3452 | D:4      | Bought a scroll of identify for 26 gold pieces
  3452 | D:4      | Bought a scroll of identify for 26 gold pieces
  3510 | D:4      | Found a stormy altar of Qazlal.
  3510 | D:4      | Found a white marble altar of Elyvilon.
  3538 | D:4      | Found a basalt altar of Yredelemnul.
  3588 | D:4      | Reached skill level 5 in Unarmed Combat
  4235 | D:5      | Entered Level 5 of the Dungeon
  4270 | D:5      | You fall into a shaft and drop 2 floors!
  4274 | D:7      | Noticed Harold
  4288 | D:7      | Killed Harold
  4289 | D:7      | Reached skill level 7 in Unarmed Combat
  4289 | D:7      | Reached skill level 5 in Earth Magic
  4289 | D:7      | Reached XP level 7. HP: 59/59 MP: 5/7
  4289 | D:7      | Reached XP level 8. HP: 67/67 MP: 5/8
  4329 | D:7      | Reached skill level 8 in Unarmed Combat
  4441 | D:7      | Found a hazy altar of Hepliaklqana.
  4635 | D:6      | Reached skill level 9 in Unarmed Combat
  4708 | D:5      | Noticed Edmund
  4768 | D:6      | Killed Edmund
  4794 | D:5      | Noticed Dowan
  4839 | D:6      | Reached skill level 10 in Unarmed Combat
  4839 | D:6      | Reached XP level 9. HP: 37/74 MP: 9/9
  4850 | D:6      | Learned a level 4 spell: Petrify
  5031 | D:6      | Found a radiant altar of Vehumet.
  5044 | D:6      | Got a faintly glowing silver ring
  5367 | D:6      | Identified the ring of Pelur Hocu {Will+ EV+4} (You found
                  | it on level 6 of the Dungeon)
  5416 | D:6      | Reached skill level 11 in Unarmed Combat
  5457 | D:6      | Found a broken altar of Ashenzari.
  5596 | D:5      | Noticed Duvessa
  5726 | D:5      | Killed Duvessa
  5794 | D:5      | Killed Dowan
  5934 | D:5      | Noticed Eustachio
  5943 | D:5      | Killed Eustachio
  6009 | D:5      | Reached skill level 12 in Unarmed Combat
  6062 | D:5      | Found a staircase to the Ecumenical Temple.
  6183 | D:5      | Noticed Sigmund
  6190 | D:5      | Noticed Menkaure
  6196 | D:5      | Killed Sigmund
  6199 | D:5      | Killed Menkaure
  6200 | D:5      | Reached XP level 10. HP: 81/81 MP: 10/10
  6460 | D:7      | Found the +8 storm bow {elec, penet}
  6498 | D:7      | Reached skill level 13 in Unarmed Combat
  6645 | D:7      | Found an ornate altar of the Wu Jian Council.
  7329 | D:8      | Noticed a two-headed ogre
  7340 | D:8      | Killed a two-headed ogre
  7647 | D:8      | Noticed a two-headed ogre
  7667 | D:8      | Found a staircase to the Lair.
  7708 | D:8      | Reached skill level 14 in Unarmed Combat
  7842 | D:8      | Killed a two-headed ogre
  8309 | D:9      | Reached skill level 1 in Fighting
  8510 | D:9      | Reached skill level 1 in Conjurations
  8672 | D:9      | Found a staircase to the Orcish Mines.
  8693 | D:9      | Found a roughly hewn altar of Beogh.
  8786 | D:9      | Reached XP level 11. HP: 86/91 MP: 11/11
  9053 | D:9      | Found a glowing golden altar of the Shining One.
  9238 | D:10     | Entered Level 10 of the Dungeon
  9318 | D:10     | Reached skill level 15 in Unarmed Combat
  9835 | D:10     | Noticed a two-headed ogre
  9843 | D:10     | Killed a two-headed ogre
 10042 | D:10     | Killed an unseen horror
 11006 | D:10     | Noticed Erolcha
 11030 | D:10     | Killed an unseen horror
 11172 | Orc:1    | Entered Level 1 of the Orcish Mines
 11205 | Orc:1    | Noticed an orc high priest
 11338 | D:9      | Killed an orc high priest
 11399 | Orc:1    | Found Iseownoupt's Armour Shoppe.
 11407 | Orc:1    | Reached skill level 16 in Unarmed Combat
 12009 | Orc:1    | Found a roughly hewn altar of Beogh.
 12201 | Orc:2    | Entered Level 2 of the Orcish Mines
 12202 | Orc:2    | Found a roughly hewn altar of Beogh.
 12204 | Orc:2    | Noticed an orc knight
 12241 | Orc:1    | Killed an orc knight
 12242 | Orc:1    | Reached XP level 12. HP: 66/105 MP: 12/12
 12497 | Orc:2    | Found a staircase to the Elven Halls.
 12657 | Orc:2    | Found Inizu's Assorted Antiques.
 12666 | Orc:2    | Bought a scroll of identify for 70 gold pieces
 13047 | Orc:2    | Found Zare's Jewellery Shoppe.
 13086 | Orc:2    | Noticed an orc high priest
 13086 | Orc:2    | Noticed an orc high priest
 13235 | Orc:1    | Killed an orc high priest
 13236 | Orc:1    | Reached skill level 5 in Dodging
 13236 | Orc:1    | Reached skill level 5 in Conjurations
 13366 | Orc:2    | Killed an orc high priest
 14107 | Orc:2    | Noticed an orc high priest
 14117 | Orc:2    | Killed an orc high priest
 14201 | Orc:2    | Found Wereges's Jewellery Boutique.
 14204 | Orc:2    | Found Duegymiwn's Antique Weapon Boutique.
 14211 | Orc:2    | Found Uptak's Antique Armour Shoppe.
 14220 | Orc:2    | Bought an embroidered robe for 118 gold pieces
 14220 | Orc:2    | Bought a runed robe for 118 gold pieces
 14253 | Orc:2    | Bought a glowing scarf for 256 gold pieces
 14267 | Orc:2    | Bought a runed cloak for 240 gold pieces
 14272 | Orc:2    | Bought a runed cloak for 240 gold pieces
 14467 | Orc:2    | Bought a potion of lignification for 105 gold pieces
 14467 | Orc:2    | Bought a scroll of teleportation for 105 gold pieces
 14703 | Lair:1   | Entered Level 1 of the Lair of Beasts
 14839 | Lair:1   | Identified Sorcery, Part One
 14943 | Lair:1   | Reached skill level 1 in Transmutations
 15315 | Lair:1   | Found a sparkling altar of Nemelex Xobeh.
 15382 | Lair:1   | Found a transporter.
 15392 | Lair:1   | Found a transporter.
 15405 | Lair:1   | Found a one-way gate to the infinite horrors of the Abyss.
 15538 | Lair:1   | Noticed a rakshasa
 16132 | Lair:2   | Noticed Erica
 16144 | Lair:2   | Killed Erica
 16145 | Lair:2   | Reached XP level 13. HP: 100/111 MP: 13/13
 17225 | Lair:3   | Found a staircase to the Snake Pit.
 19063 | Lair:4   | Found a staircase to the Swamp.
 19212 | Lair:4   | Reached skill level 5 in Transmutations
 20001 | Lair:5   | Got a scorched tin amulet
 20002 | Lair:5   | Identified the amulet "Vaaph" {RegenMP Str+4} (You found it
                  | on level 5 of the Lair of Beasts)
 20012 | Lair:5   | Found a viscous altar of Jiyva.
 20013 | Lair:5   | Found a staircase to the Slime Pits.
 20244 | Lair:5   | Found an ornate altar of the Wu Jian Council.
 20244 | Lair:5   | Found a hide-covered altar of Uskayaw.
 21438 | Lair:6   | Entered Level 6 of the Lair of Beasts
 21736 | Lair:6   | Reached XP level 14. HP: 86/120 MP: 3/14
 21833 | Lair:6   | Noticed Sonja
 21995 | Lair:6   | Killed Sonja
 23840 | Lair:6   | Identified 3 scrolls of acquirement
 23856 | Lair:6   | Acquired the +1 hat of Ulat {rF+ rCorr}
 23863 | Lair:6   | Acquired the ring "Edwih" {Ice Dex+6 SInv}
 23865 | Lair:6   | Acquired 939 gold pieces
 24125 | Lair:6   | Got a shimmering lead ring
 24127 | Lair:6   | Identified the ring "Rivaw" {rC+ Str+6 Int+3 Slay+3} (You
                  | found it on level 6 of the Lair of Beasts)
 25114 | D:10     | Killed Erolcha
 25378 | D:11     | Reached skill level 10 in Dodging
 26466 | D:12     | Found a flagged portal.
 26533 | Bailey   | Entered a bailey
 27370 | D:12     | Found a runed translucent gate.
 27370 | D:12     | Found a runed translucent gate.
 27371 | D:12     | Found a runed translucent gate.
 27374 | D:12     | Noticed Owiud's ghost (journeyman HuFi)
 27549 | D:12     | Found a glowing silver altar of Zin.
 27757 | D:12     | Reached skill level 1 in Shields
 28014 | D:12     | Reached XP level 15. HP: 110/127 MP: 15/15
 28511 | D:13     | Noticed Frances
 28534 | D:13     | Killed Frances
 28535 | D:13     | Reached skill level 10 in Earth Magic
 28747 | D:13     | Found Duwnoox's Antique Armour Shoppe.
 28991 | D:13     | Noticed Kirke
 29015 | D:13     | Killed Kirke
 29081 | D:13     | Reached skill level 1 in Evocations
 29790 | D:14     | Found a gate to the Vaults.
 29892 | D:13     | Slain by a two-headed ogre

Illustrated notes

Levels and vault maps discovered:
D:1:      scummos_arrival_hexagon, layout_basic
D:2:      layout_basic, okawaru_gym_becter, nemelex_xobeh_ov_fountains_minmay,
          grunt_dithmenos_smoke_and_mirrors
D:3:      layout_loops_ring, lemuel_blue_sif_altar, overflow_temple_1_default,
          chequers_ecumenical_altar_simple, minmay_pentangle
D:4:      layout_loops_ring, gammafunk_temple_overflow_elements,
          yredelemnul_altar_generic, serial_shops, shop_scrolls
D:5:      layout_rooms, minmay_temple_entry_butterflies, uniq_sigmund,
          uniq_edmund, uniq_menkaure, uniq_duvessa, uniq_eustachio
D:6:      layout_loops_ring, vehumet_crystals, lemuel_crystal_altar
D:7:      layout_basic, nzn_hepliaklqana_mist_gate,
          lemuel_coloured_pillars_altar, uniq_harold
D:8:      statuecave_lemuel, layout_rooms, dpeg_oklobed_lair
D:9:      layout_rooms, nicolae_tso_swordbearing_angel,
          minmay_orc_entry_temple_small, serial_co_window_serial,
          co_window_corner_a, co_window_paths_a, co_window_paths_b,
          co_window_corner_a, co_window_paths_b, co_window_corner_b,
          co_window_of_opportunity_c, co_window_of_opportunity_b,
          co_window_2corner, co_window_paths_e, glass_columns_b,
          glass_columns_a, glass_columns_c, glass_columns_a
D:10:     layout_rooms, chequers_serial_rivers_small_3, uniq_erolcha
D:11:     layout_stronghold
D:12:     kennysheep_six_static_rooms, layout_basic, enter_bailey_3,
          gammafunk_ghost_nasty_kobolds, basic_altar, mrwooster_statue_mirror
D:13:     kennysheep_scales, layout_loops_cross, serial_shops,
          nicolae_shop_waterfront, disabler_island, uniq_frances, uniq_kirke
D:14:     layout_loops_corners, david_vaults_3, ashenzari_altar_1, uniq_rupert,
          uniq_nessos, uniq_jorgrun
Lair:1:   layout_chaotic_city, basic_altar, gammafunk_ghost_abyssal_escape,
          chequers_serial_rivers_micro_c, beast_lair_carwin_1
Lair:2:   layout_misc_corridors, minmay_holes, minmay_lair_oklob_chamber,
          lemuel_fruit_tree, lemuel_fruit_fields, uniq_erica
Lair:3:   pond_and_an_island_with_a_cottage, layout_small_grid,
          minmay_snake_entry_guardpost_small
Lair:4:   layout_hall_layers, minmay_swamp_entry_worms
Lair:5:   layout_roguey, slime_altar_1, wad_woods_06,
          nzn_masters_of_martial_movement
Lair:6:   hangedman_lair_caniforms_friends, layout_regular_city, uniq_sonja
Orc:1:    layout_diamond_mine, serial_shops, shop, basic_altar
Orc:2:    st_orc_elflike, layout_diamond_mine, serial_shops, shop,
          amcnicky_altar_gilded

Skill      XL: |  1  2  3  4  5  6  7  8  9 10 11 12 13 14 15 |
---------------+----------------------------------------------+-----
Unarmed Combat | 1 2 3 4 7 10 12 14 16 | 16.0
Earth Magic    | 3 4 5 6 8 9 10 | 10.0
Fighting       | 1 3 |  3.0
Conjurations   | 1 4 6 |  6.0
Dodging        | 3 7 9 10 | 10.6
Transmutations | 2 6 9 |  9.0
Shields        | 1 4 |  4.0
Evocations     | 1 |  1.6
Stealth        | |  1.0
Spellcasting   | |  1.2

Action                   |  1- 3 |  4- 6 |  7- 9 | 10-12 | 13-15 || total
-------------------------+-------+-------+-------+-------+-------++-------
Melee: Unarmed           |    83 |   171 |   254 |   833 |  1050 ||  2391
       Punch             |       |     6 |    12 |    60 |    79 ||   157
       Scimitar          |       |       |       |       |    42 ||    42
Throw: Dart              |       |       |     3 |    21 |       ||    24
 Cast: Sandblast         |    28 |    50 |     3 |       |       ||    81
       Stone Arrow       |       |       |       |    24 |    34 ||    58
       Petrify           |       |       |       |       |    24 ||    24
Invok: Potion Petition   |       |       |       |       |     2 ||     2
Evoke: Wand              |       |       |       |    10 |    25 ||    35
       Condenser vane    |       |       |       |       |     4 ||     4
  Use: Scroll            |       |    11 |     7 |     9 |    12 ||    39
       Potion            |       |     1 |     2 |     5 |     6 ||    14
 Stab: Sleeping          |     1 |     1 |       |     4 |       ||     6
       Distracted        |       |       |     2 |     6 |     7 ||    15
       Petrified         |       |       |       |       |    10 ||    10
       Confused          |       |       |       |       |     1 ||     1
Armor: Robe              |    35 |    60 |    51 |   173 |   220 ||   539
       Skin              |       |       |     5 |       |       ||     5
Dodge: Dodged            |    45 |    72 |   110 |   510 |   726 ||  1463
Block: Other             |       |       |       |       |   188 ||   188
       Reflection        |       |       |       |       |    15 ||    15
       Tower shield      |       |       |       |       |   202 ||   202
       Rpst.: Scimitar   |       |       |       |       |     4 ||     4

Table legend: (Time is in decaauts)
 A = Elapsed time spent in this place.
 B = Non-inter-level travel time spent in this place.
 C = Inter-level travel time spent in this place.
 D = Time resting spent in this place.
 E = Time spent auto-exploring this place.
 F = Levels seen in this place.
 G = Mean time per level.
                   A        B        C        D        E       F      G
               +--------+--------+--------+--------+--------+-----+--------+
         Total |  29461 |  28247 |   1214 |   2311 |  18736 |  23 | 1280.9 |
       Dungeon |  15711 |  15112 |    599 |   1287 |  10022 |  14 | 1122.2 |
          Lair |   9898 |   9492 |    406 |    385 |   6860 |   6 | 1649.7 |
  Orcish Mines |   3252 |   3044 |    208 |    511 |   1743 |   2 | 1626.0 |
        Bailey |    598 |    598 |      0 |    128 |    110 |   1 |  598.0 |
               +--------+--------+--------+--------+--------+-----+--------+

Top non-repeatable levels by time:
  Lair:6: 2726 daAuts
     D:9: 2270 daAuts
  Lair:5: 2171 daAuts
   Orc:2: 1652 daAuts
   Orc:1: 1600 daAuts
    D:13: 1569 daAuts
  Lair:3: 1566 daAuts
  Lair:2: 1322 daAuts
    D:12: 1301 daAuts
     D:8: 1297 daAuts
     D:3: 1246 daAuts
    D:11: 1207 daAuts
    D:10: 1132 daAuts
  Lair:4: 1121 daAuts
     D:2: 1095 daAuts
